[Event "Ceske Budejovice GM 2019"]
[Site "Ceske Budejovice"]
[Date "2019.07.07"]
[Round "9.3"]
[White "Kazakov, Mikhail"]
[Black "Szotkowski, Jakub"]
[Result "1-0"]
[ECO "A58"]
[WhiteElo "2511"]
[BlackElo "2378"]
[Annotator "ChessBase"]
[PlyCount "78"]
[EventDate "2019.07.02"]
[EventCountry "CZE"]
[SourceTitle "playchess.com"]
[Source "ChessBase"]
[SourceQuality "1"]
[TimeControl "5400+30"]

1. d4 Nf6 2. c4 c5 3. d5 b5 4. cxb5 a6 5. bxa6 g6 6. Nc3 Bg7 7. e4 O-O 8. a7 Rxa7 9. Nf3 d6 10. Be2 Ba6 11. O-O Nbd7 12. a4 Qb6 13. Ra3 Rb8 14. Bb5 Ne8 15. Rb3 Nc7 16. a5 Qxa5 17. Bxd7 Rxb3 18. Qxb3 Rb7 19. Qc2 Bxf1 20. Kxf1 Nxd5 21. Nxd5 Rxd7 22. g3 e6 23. Nc3 Rb7 24. Kg2 Qb4 25. h4 h6 26. Qd3 c4 27. Qe3 Kh7 28. Nh2 Qa5 29. Ng4 h5 30. Nh2 Rb3 31. Nf3 Bxc3 32. bxc3 Qxc3 33. Qf4 Kg8 34. e5 dxe5 35. Nxe5 Rb7 36. Be3 Qc2 37. Qf3 Qb3 38. Qf6 Kh7 39. Nxf7 Rb6 1-0

[Event "Ceske Budejovice GM 2019"]
[Site "Ceske Budejovice"]
[Date "2019.07.07"]
[Round "9.5"]
[White "Kraus, Tomas"]
[Black "Dhulipalla Bala Chandra Prasad"]
[Result "1-0"]
[ECO "A20"]
[WhiteElo "2486"]
[BlackElo "2419"]
[Annotator "ChessBase"]
[PlyCount "65"]
[EventDate "2019.07.02"]
[EventCountry "CZE"]
[SourceTitle "playchess.com"]
[Source "ChessBase"]
[SourceQuality "1"]
[TimeControl "5400+30"]

1. c4 e5 2. a3 Nf6 3. e3 g6 4. b4 Bg7 5. Bb2 d6 6. Nf3 O-O 7. d4 e4 8. Nfd2 Re8 9. Nc3 h5 10. Be2 Nbd7 11. Qc2 Qe7 12. Rc1 c6 13. O-O Nf8 14. d5 Bf5 15. dxc6 bxc6 16. Nb3 Ne6 17. Rfd1 h4 18. Nd4 Nxd4 19. Rxd4 Nd7 20. Rd2 Ne5 21. Nxe4 Rad8 22. Rcd1 d5 23. cxd5 cxd5 24. Rxd5 Rxd5 25. Rxd5 Qb7 26. Qa4 Bd7 27. Qd1 Be6 28. Rd8 Qxe4 29. Rxe8+ Kh7 30. Bxe5 Bxe5 31. Bd3 Qd5 32. Qh5+ Kg7 33. Qh8# 1-0